 Dungeon Sprint DCSS version 0.17-a0-945-g601bd79 (webtiles) character file.

1200000 ahoge the Severer (level 13, -3/111 HPs)
             Began as a Demonspawn Gladiator on May 6, 2015.
             Was a Follower of Makhleb.
             Slain by a meat berserker
             ... wielding a +9 battleaxe
              (52 damage)
             ... in the Dungeon (Sprint VIII: "Arena of Blood").
             The game lasted 00:00:48 (12 turns).

ahoge the Severer (Demonspawn Gladiator)              Turns: 12, Time: 00:00:48

Health: -3/111     AC:  6    Str: 16    XL:     13   Next: 69%
Magic:  13/13      EV: 28    Int: 10    God:    Makhleb [*.....]
Gold:   0          SH:  3    Dex: 18    Spells: 0 memorised, 12 levels left

rFire  + . .     SeeInvis .     l - +∞ Axe of Woe
rCold  . . .     Clarity  .     b - +0 leather armour
rNeg   . . .     SustAb   .     (no shield)
rPois  .         Gourm    .     (helmet restricted)
rElec  .         Spirit   .     (no cloak)
rCorr  .         Warding  .     (no gloves)
rMut   .         NoTele   +     (no boots)
MR     .....                    (no amulet)
Stlth  +.........               (no ring)
                                (no ring)

@: not resistant to hostile enchantments, very unstealthy
A: antennae 2, large bone plates 2, fire resistance 1, powered by death 1
a: Renounce Religion


You were in the Dungeon.
You worshipped Makhleb.
Makhleb was aware of your devotion.
You were not hungry.

You visited 1 branch

Inventory:

Hand weapons
 a - a +0 war axe
 l - the +∞ Axe of Woe (weapon)
   (You found it in the Dungeon)
Missiles
 d - 3 throwing nets (quivered)
Armour
 b - a +0 leather armour (worn)
 c - a +0 helmet
Scrolls
 k - a scroll of blinking
Potions
 f - a potion of curing
 g - a potion of heal wounds
 h - a potion of haste
 i - 2 potions of magic
 j - a potion of berserk rage
Comestibles
 e - a bread ration


   Skills:
 + Level 13.1 Fighting
 + Level 20.6 Axes
 + Level 11.4 Throwing
 + Level 20.2 Dodging


You had 12 spell levels left.
You didn't know any spells.

Dungeon Overview and Level Annotations

Branches:
Dungeon (1/1)

Altars:
Makhleb


Innate Abilities, Weirdness & Mutations

You have a pair of antennae on your head.
You are mostly covered in large bone plates (AC +3, SH +3).
Your flesh is heat resistant.
You can steal the life force of nearby defeated enemies.


Message History

Unknown command.
Unknown command.
The bag of meat shouts!
You hit the bag of meat.
You fatally mangle the bag of meat.
You kill the bag of meat!
Makhleb accepts your kill.
Your Fighting skill gained 2 levels and is now at level 13!
Your Axes skill increases to level 20!
Your Throwing skill increases to level 11!
Your Dodging skill gained 2 levels and is now at level 20!
You have reached level 13!
Your demonic ancestry asserts itself...
The antennae on your head grow some more.
The meat berserker rages.
You hear a shout!
The meat berserker rages.
You hear a shout! x6
The meat berserker hits you with a +9 battleaxe!
The meat berserker hits you with a +9 battleaxe!!!
You die...

....... . .........
.. ......... ...
......... ...
#.......# ..#..
#.o.O...#
.....o###...o...###.
.O....O@O..###......
...#...o...._......
#.......#.....#.
.........#_.<._#
.#.......#..O..#
...#........_......
...o.......###......
......###... ..###.
.... #... ..#


You could see 5 meat berserkers and 5 bags of meat.

Vanquished Creatures
  3 orcs (D)
3 creatures vanquished.

Notes
Turn   | Place    | Note
--------------------------------------------------------------
     0 | D        | ahoge, the Demonspawn Gladiator, began the quest for the Orb.
     0 | D        | Reached XP level 1. HP: 16/16 MP: 1/1
     4 | D        | Became a worshipper of Makhleb the Destroyer
     6 | D        | Noticed a bag of meat
     6 | D        | Noticed a bag of meat
     6 | D        | Noticed a bag of meat
     7 | D        | Noticed a bag of meat
     8 | D        | Noticed a bag of meat
     8 | D        | Noticed a bag of meat
     9 | D        | Noticed a meat berserker
    10 | D        | Noticed a meat berserker
    10 | D        | Killed a bag of meat
    10 | D        | Reached skill level 10 in Fighting
    10 | D        | Reached skill level 16 in Axes
    10 | D        | Gained mutation: Your flesh is heat resistant. [demonic ancestry]
    10 | D        | Reached XP level 2. HP: 20/35 MP: 2/2
    10 | D        | Reached XP level 3. HP: 23/41 MP: 3/3
    10 | D        | Gained mutation: You have a pair of small antennae on your head. [demonic ancestry]
    10 | D        | Reached XP level 4. HP: 26/47 MP: 4/4
    10 | D        | Gained mutation: You can steal the life force of nearby defeated enemies. [demonic ancestry]
    10 | D        | Reached XP level 5. HP: 29/53 MP: 5/5
    10 | D        | Reached XP level 6. HP: 32/60 MP: 6/6
    10 | D        | Reached XP level 7. HP: 35/66 MP: 7/7
    10 | D        | Reached XP level 8. HP: 38/72 MP: 8/8
    10 | D        | Gained mutation: You are partially covered in large bone plates (AC +2, SH +2). [demonic ancestry]
    10 | D        | Reached XP level 9. HP: 41/78 MP: 9/9
    10 | D        | Reached XP level 10. HP: 44/85 MP: 10/10
    10 | D        | Gained mutation: You are mostly covered in large bone plates (AC +3, SH +3). [demonic ancestry]
    10 | D        | Reached XP level 11. HP: 47/91 MP: 11/11
    11 | D        | Noticed a bag of meat
    11 | D        | Killed a bag of meat
    11 | D        | Acquired Makhleb's first power
    11 | D        | Reached skill level 19 in Axes
    11 | D        | Reached skill level 10 in Throwing
    11 | D        | Reached XP level 12. HP: 50/102 MP: 12/12
    12 | D        | Noticed a meat berserker
    12 | D        | Noticed a meat berserker
    12 | D        | Noticed a meat berserker
    12 | D        | Noticed a bag of meat
    12 | D        | Killed a bag of meat
    12 | D        | Reached skill level 20 in Axes
    12 | D        | Gained mutation: You have a pair of antennae on your head. [demonic ancestry]
    12 | D        | Reached XP level 13. HP: 54/111 MP: 13/13
    12 | D        | Slain by a meat berserker

Action                   |  1- 3 |  4- 6 |  7- 9 | 10-12 | 13-15 || total
-------------------------+-------+-------+-------+-------+-------++-------
Melee: Executioner's axe |     1 |       |       |     2 |       ||     3
